 Dungeon Crawl Stone Soup version 0.17.0-28-g6e173f8 (webtiles) character file.

551 Larett the Skirmisher (level 7, -2/67 HPs)
             Began as a Hill Orc Fighter on Dec 1, 2015.
             Killed from afar by an orc wizard (4 damage)
             ... with a puff of frost
             ... on level 3 of the Dungeon.
             The game lasted 00:11:55 (5156 turns).

Larett the Skirmisher (Hill Orc Fighter)            Turns: 5156, Time: 00:11:56

Health: -2/67      AC:  9    Str: 21    XL:     7   Next: 29%
Magic:  7/7        EV:  7    Int:  8    God:
Gold:   254        SH:  9    Dex: 10    Spells: 0 memorised, 6 levels left

rFire  . . .     SeeInvis .     v - +1 spear (pierce)
rCold  . . .     Clarity  .     b - +0 scale mail
rNeg   . . .     SustAt   .     c - +0 shield
rPois  .         Gourm    .     y - +0 helmet
rElec  .         Spirit   .     (no cloak)
rCorr  .         Warding  .     (no gloves)
rMut   .         Stasis   .     t - +0 pair of boots
MR     .....                    (no amulet)
Stlth  ..........               (no ring)
                                (no ring)

@: flying, not resistant to hostile enchantments, extremely unstealthy
A: no striking features
a: no special abilities


You were on level 3 of the Dungeon.
You were not hungry.

You visited 1 branch of the dungeon, and saw 4 of its levels.

You collected 254 gold pieces.

Inventory:

Hand Weapons
 a - a +0 war axe
 p - a +2 short sword of venom
 v - a +1 spear of piercing (weapon)
 G - a +2 dagger of draining
 H - a +1 vampiric dagger
Missiles
 f - 184 stones (quivered)
 j - 121 arrows
 k - 11 sling bullets of flame
 u - 32 sling bullets
 B - 25 bolts of flame
Armour
 b - a +0 scale mail (worn)
 c - a +0 shield (worn)
 t - a +0 pair of boots (worn)
 y - a +0 helmet (worn)
 F - a +0 leather armour of fire resistance
Wands
 A - a wand of frost (8)
 C - a wand of draining (8)
Scrolls
 g - 4 scrolls of remove curse {unknown}
 i - a scroll of blinking {unknown}
 l - a scroll of enchant weapon {unknown}
 m - a scroll of fear {unknown}
 n - a scroll of enchant armour {unknown}
 s - 2 scrolls of recharging {unknown}
 w - 2 scrolls of immolation {unknown}
 x - a scroll of teleportation {unknown}
 D - 3 scrolls of identify {unknown}
Potions
 h - a potion of curing
 o - a potion of invisibility {unknown}
 q - a potion of agility {unknown}
 E - a potion of cancellation {unknown}
Comestibles
 e - 3 bread rations
 r - 4 chunks of flesh
 z - a slice of pizza


   Skills:
 + Level 7.9 Fighting
 - Level 3.2(4.9) Axes
 * Level 4.7(5.1) Polearms
 - Level 3.2 Armour
 - Level 3.2 Shields


You had 6 spell levels left.
You didn't know any spells.

Dungeon Overview and Level Annotations

Branches:
Dungeon (4/15)
 Temple: D:4-7

Altars:
Makhleb
Vehumet

Annotations:
D:3 Menkaure


Message History

Something hits you but does no damage.
You hit Menkaure but do no damage.
Menkaure is almost destroyed.
Menkaure hits you.
* * * LOW HITPOINT WARNING * * *
Something hits you but does no damage.
Drink which item? (? for menu, Esc to quit)
You feel better. Menkaure casts a spell at you. Pain shoots through your body!
* * * LOW HITPOINT WARNING * * *
You block its attack.
Drink which item? (? for menu, Esc to quit)
It was a potion of flight.
You feel very buoyant.
You fly up into the air.
You block Menkaure's attack.
You hear some strange, mumbled words.
A puff of frost appears from out of thin air!
The puff of frost hits you!
You die...

#########.#.....####.#.######.
#......##.#....)..÷..#........
#......##.#......###..######..
#......##.###.######''#### #..
#....[)##.###.#.#........# #..
#......##...#.#.#........# #..
#......####.#.#.#..♣♣.♣..###..
#......# #.#[#.'..♣.8...'.#..
#......# #.#@#.'...8.♣..'....
####.### #.#M#.#..♣.♣♣..###..
#.######.#.###........# #..
#.#........# #........# #..
#.#.####.########''######..
#.#.#....# #.....^..÷....#
#.#.#.#####################
#.#†#.#..#.................
#.#.#....#.###########..###


You could see Menkaure.

Vanquished Creatures
  Sigmund (D:3)
  A giant frog skeleton (D:4)
  3 orc wizards (D:3)
  Ijyb (D:2)
  A hound (D:4)
  A worker ant (D:3)
  5 adders
  3 gnolls (D:3)
  An ooze (D:4)
  5 worms
  6 giant geckos
  14 orcs
  12 bats
  3 giant cockroaches
  7 goblins
  3 hobgoblins
  10 jackals
  5 kobolds
  2 quokkas
  2 giant newts
  26 rats
112 creatures vanquished.

Vanquished Creatures (others)
  An orc (D:4)
1 creature vanquished.

Grand Total: 113 creatures vanquished

Notes
Turn   | Place    | Note
--------------------------------------------------------------
     0 | D:1      | Larett the Hill Orc Fighter began the quest for the Orb.
     0 | D:1      | Reached XP level 1. HP: 19/19 MP: 1/1
    55 | D:1      | Reached skill level 4 in Fighting
   372 | D:1      | Reached XP level 2. HP: 24/27 MP: 2/2
  1014 | D:2      | Reached skill level 5 in Fighting
  1014 | D:2      | Reached XP level 3. HP: 32/36 MP: 3/3
  1084 | D:2      | Noticed Ijyb
  1107 | D:2      | Killed Ijyb
  1107 | D:2      | Reached XP level 4. HP: 39/44 MP: 4/4
  1687 | D:2      | Reached skill level 6 in Fighting
  2406 | D:3      | Found a radiant altar of Vehumet.
  2526 | D:3      | Reached XP level 5. HP: 15/51 MP: 5/5
  2546 | D:3      | Reached skill level 1 in Polearms
  2876 | D:3      | Noticed Sigmund
  2901 | D:3      | Killed Sigmund
  2901 | D:3      | Reached skill level 7 in Fighting
  2901 | D:3      | Reached XP level 6. HP: 5/60 MP: 6/6
  3814 | D:3      | Found a burning altar of Makhleb.
  4340 | D:3      | Reached XP level 7. HP: 28/66 MP: 7/7
  4855 | D:4      | Noticed Menkaure
  5155 | D:3      | HP: 2/67 [Menkaure/nerve-wracking pain (14)]
  5156 | D:3      | Killed from afar by an orc wizard

Action                   |  1- 3 |  4- 6 |  7- 9 || total
-------------------------+-------+-------+-------++-------
Melee: War axe           |   109 |     5 |       ||   114
       Spear             |       |   314 |    83 ||   397
  Use: Potion            |       |     3 |     2 ||     5
  Eat: Chunk             |     1 |    10 |     3 ||    14
